 Dungeon Crawl Stone Soup version 0.16-a0-4004-g8d6611c (webtiles) character file.

26 Charly the Charmwright (level 3, -5/18 HPs)
             Began as a Vine Stalker Skald on Feb 15, 2015.
             Slain by a giant frog (7 damage)
             ... on level 3 of the Dungeon.
             The game lasted 00:04:34 (345 turns).

Charly the Charmwright (Vine Stalker Skald)          Turns: 345, Time: 00:04:34

Health: -5/18      AC:  3    Str: 14    XL:     3   Next: 8%
Magic:  0/7        EV: 11    Int: 13    God:
Gold:   25         SH:  0    Dex: 13    Spells: 2 memorised, 3 levels left

rFire  . . .     SeeInvis .     a - +0 spear
rCold  . . .     Clarity  .     b - +0 leather armour
rNeg   . . .     SustAb   .     (no shield)
rPois  .         Gourm    +     (no helmet)
rElec  .         Spirit   +     (no cloak)
rCorr  .         Warding  .     (no gloves)
rMut   .         Stasis   .     (no boots)
MR     .....                    m - amulet of the gourmand
Stlth  +.........               (no ring)
                                (no ring)

@: infused, not resistant to hostile enchantments, very unstealthy
A: fangs 2, regeneration 1, magic shield, antimagic bite, no device heal 3, rot
immunity
a: no special abilities


You were on level 3 of the Dungeon.
You were not hungry.

You visited 1 branch of the dungeon, and saw 3 of its levels.

You collected 25 gold pieces.

Inventory:

Hand weapons
 a - a +0 spear (weapon)
Armour
 b - a +0 leather armour (worn)
Jewellery
 m - an amulet of the gourmand (around neck)
Scrolls
 e - a scroll of recharging {unknown}
 f - a scroll of immolation {unknown}
 k - a scroll of random uselessness {unknown}
 l - a scroll of identify {unknown}
Potions
 g - a potion of magic {unknown}
 h - a potion of flight {unknown}
 i - 3 potions of mutation {unknown}
 j - 2 potions of haste {unknown}
Books
 c - a book of Battle

   Spells                             Type                      Level
   a - Infusion                       Charms                       1
   b - Shroud of Golubria             Charms/Translocation         2
   c - Song of Slaying                Charms                       2
   d - Spectral Weapon                Hexes/Charms                 3
   e - Regeneration                   Charms/Necromancy            3
Comestibles
 d - 2 bread rations


   Skills:
 - Level 1.7 Fighting
 + Level 2.4 Polearms
 - Level 0.7 Armour
 - Level 0.7 Dodging
 - Level 2.1 Spellcasting
 + Level 3.7 Charms


You had 3 spell levels left.
You knew the following spells:

 Your Spells              Type           Power        Failure   Level  Hunger
g - Shroud of Golubria    Chrm/Tloc      #.........   28%         2    ###....
i - Infusion              Chrm           ##....       10%         1    ##.....


Dungeon Overview and Level Annotations

Branches:
Dungeon (3/15)

Altars:


Innate Abilities, Weirdness & Mutations

You have extremely sharp teeth.
Your natural rate of healing is unusually fast.
When hurt, damage is shared between your health and your magic reserves.
Your bite disrupts and absorbs the magic of your enemies.
Potions and wands cannot restore your health.
You are immune to rotting.


Message History

The giant frog is severely wounded.
The giant frog closely misses you. The giant frog hits you.
* * * LOW HITPOINT WARNING * * *
You barely miss the giant frog.
The giant frog is severely wounded.
The giant frog hits you but does no damage.
You hit the giant frog. Your bite misses the giant frog.
The giant frog is severely wounded.
The giant frog hits you.
* * * LOW HITPOINT WARNING * * *
The giant frog completely misses you.
Unknown command.
You barely miss the giant frog.
You bite the giant frog, but do no damage.
The giant frog is severely wounded.
The giant frog barely misses you.
You barely miss the giant frog.
The giant frog is severely wounded.
The giant frog hits you!
You die...

#.# . #.# .# #.# ..
#<# .# #.# [# #.# .#
#.###### .###.#.
#.##...#####........
#....#@F.........#
####...###########
#####


You could see a giant frog.

Vanquished Creatures
  An adder (D:2)
  A giant cockroach (D:1)
  3 goblins (D:1)
  3 hobgoblins
  A bat (D:1)
  2 giant geckos (D:2)
  A giant newt (D:2)
  2 kobolds (D:1)
  3 rats (D:2)
17 creatures vanquished.

Notes
Turn   | Place    | Note
--------------------------------------------------------------
     0 | D:1      | Charly, the Vine Stalker Skald, began the quest for the Orb.
     0 | D:1      | Reached XP level 1. HP: 11/11 MP: 3/3
     8 | D:1      | Noticed a redback
     8 | D:1      | Noticed a hound
     8 | D:1      | Noticed a crocodile
    13 | D:1      | Noticed a wyvern
    13 | D:1      | Noticed an anaconda
    77 | D:1      | Reached XP level 2. HP: 15/15 MP: 1/5
    81 | D:1      | Learned a level 2 spell: Shroud of Golubria
   240 | D:2      | Reached XP level 3. HP: 10/18 MP: 0/7
   327 | D:3      | Noticed a giant frog
   345 | D:3      | Slain by a giant frog

Action                   || total
-------------------------++-------
Melee: Spear             ||    58
 Cast: Infusion          ||     7
 Stab: Sleeping          ||     2
